 Dungeon Crawl Stone Soup version 0.18.1-50-g88ac8fd (webtiles) character file.

664 Monsterracer the Inquisitive (level 7, -2/61 HPs)
             Began as a Deep Dwarf Artificer on July 9, 2017.
             Was a Follower of Pakellas.
             Slain by a centaur
             ... wielding a +0 spear
              (4 damage)
             ... on level 4 of the Dungeon.
             The game lasted 00:14:55 (2827 turns).

Monsterracer the Inquisitive (Deep Dwarf Artificer) Turns: 2827, Time: 00:14:56

Health: -2/61      AC:  9    Str: 15    XL:     7   Next: 31%
Magic:  8/12       EV: 11    Int: 12    God:    Pakellas [*.....]
Gold:   184        SH:  0    Dex: 15    Spells: 0 memorised, 6 levels left

rFire  . . .     SeeInvis +     x - +0 hand axe
rCold  . . .     Gourm    .     i - +0 scale mail
rNeg   + . .     Faith    .     (no shield)
rPois  .         Spirit   .     h - +2 helmet (curse)
rElec  .         Dismiss  .     (no cloak)
rCorr  .         Reflect  .     (no gloves)
SustAt .         Harm     .     (no boots)
MR     +....                    (no amulet)
Stlth  ..........               k - ring of positive energy
                                t - ring of see invisible

@: non-regenerating, somewhat resistant to hostile enchantments, extremely
unstealthy
A: damage resistance, recharge devices, sense surroundings 1, slow regeneration
3
a: Device Recharging, Quick Charge, Renounce Religion


You were on level 4 of the Dungeon.
You worshipped Pakellas.
Pakellas was aware of your devotion.
You were not hungry.

You visited 1 branch of the dungeon, and saw 4 of its levels.

You collected 184 gold pieces.

Inventory:

Hand Weapons
 x - a +0 hand axe (weapon)
Armour
 h - a cursed +2 helmet (worn)
 i - a +0 scale mail (worn)
 j - a +0 buckler
Jewellery
 k - a ring of positive energy (right hand)
 l - an uncursed ring of ice
 t - a ring of see invisible (left hand)
Wands
 c - a wand of flame (7/48)
 d - a wand of enslavement (15/24)
 e - a wand of random effects (6/48)
 f - a wand of heal wounds (0/9)
 n - a wand of slowing (22/48)
Scrolls
 a - 3 scrolls of blinking
 q - a scroll of enchant weapon
 s - 3 scrolls of identify
Potions
 o - a potion of heal wounds
 z - a potion of invisibility
Comestibles
 b - 3 meat rations
 g - 2 bread rations
 m - a slice of pizza
 p - a beef jerky
 r - 3 chunks of flesh


   Skills:
 - Level 2.9 Fighting
   Level 0.8 Short Blades
 + Level 3.7 Axes
 - Level 3.1 Armour
 - Level 3.9 Dodging
 - Level 1.2 Stealth
 - Level 7.2 Evocations


You had 6 spell levels left.
You didn't know any spells.

Dungeon Overview and Level Annotations

Branches:
Dungeon (4/15)
 Temple: D:4-7

Altars:
Cheibriados
Dithmenos
Nemelex Xobeh
Pakellas
Trog
Zin


Innate Abilities, Weirdness & Mutations

You are resistant to damage.
You can recharge devices by infusing magical energy.
You passively map a small area around you.
You do not regenerate naturally.


Message History

Damage: -1%(-1hp) hp: 14%(8hp)
You hit the centaur.
The centaur is heavily wounded.
The centaur hits you but does no damage.
You barely miss the centaur.
The centaur is heavily wounded.
The centaur closely misses you. The centaur completely misses you.
You hit the centaur but do no damage.
The centaur is heavily wounded.
The centaur closely misses you. The centaur completely misses you.
You barely miss the centaur.
The centaur is heavily wounded.
The centaur hits you but does no damage.
You hit the centaur.
The centaur is almost dead.
The centaur hits you with an uncursed spear!
* * * LOW HITPOINT WARNING * * *
The centaur hits you with an uncursed spear.
You die...
Pakellas says: That's one more possible approach eliminated.

###################
* * *
..........†.....@.#
,
#################c#
#.# #(# #.# * #.# *
#######(##### ,
.......(....##. *
.......(.......


You could see a centaur.

Vanquished Creatures
  Sigmund (D:2)
  The ghost of magog001 the Covered, an amateur MiFi (D:3)
  A howler monkey (D:4)
  2 orc wizards (D:4)
  An iguana (D:4)
  Jessica (D:2)
  Ijyb (D:2)
  Terence (D:3)
  A worker ant (D:4)
  Robin (D:2)
  A howler monkey skeleton (D:4)
  5 adders
  An ooze (D:2)
  An adder skeleton (D:4)
  2 worms (D:2)
  A dart slug (D:1)
  2 giant geckos
  13 orcs (D:3)
  2 giant cockroaches (D:2)
  11 goblins
  13 hobgoblins
  5 jackals
  9 bats
  5 giant newts
  8 kobolds
  4 rats
94 creatures vanquished.

Vanquished Creatures (others)
  An orc wizard (D:4)
1 creature vanquished.

Grand Total: 95 creatures vanquished

Notes
Turn   | Place    | Note
--------------------------------------------------------------
     0 | D:1      | Monsterracer the Deep Dwarf Artificer began the quest for the Orb.
     0 | D:1      | Reached XP level 1. HP: 16/16 MP: 3/3
   236 | D:1      | Reached skill level 1 in Fighting
   396 | D:1      | Reached XP level 2. HP: 25/25 MP: 5/5
  1126 | D:2      | Noticed Sigmund
  1158 | D:2      | Killed Sigmund
  1158 | D:2      | Reached skill level 6 in Evocations
  1158 | D:2      | Reached XP level 3. HP: 19/32 MP: 5/7
  1158 | D:2      | Reached XP level 4. HP: 23/39 MP: 5/8
  1158 | D:2      | Reached XP level 5. HP: 27/45 MP: 5/9
  1201 | D:2      | Noticed Ijyb
  1224 | D:2      | Killed Ijyb
  1282 | D:2      | Noticed Robin
  1314 | D:2      | Killed Robin
  1462 | D:2      | Noticed Jessica
  1505 | D:2      | Killed Jessica
  1505 | D:2      | Reached XP level 6. HP: 25/55 MP: 10/10
  1832 | D:3      | Found a bloodstained altar of Trog.
  1964 | D:3      | Noticed magog001's ghost (amateur MiFi)
  2000 | D:3      | Noticed Terence
  2027 | D:3      | Killed magog001's ghost
  2027 | D:3      | Reached skill level 7 in Evocations
  2060 | D:3      | Killed Terence
  2075 | D:3      | Found a shadowy altar of Dithmenos.
  2077 | D:3      | Found a snail-covered altar of Cheibriados.
  2094 | D:3      | Found a glowing silver altar of Zin.
  2102 | D:3      | Found an oddly glowing altar of Pakellas.
  2107 | D:3      | Became a worshipper of Pakellas the Inventive
  2376 | D:3      | Found a bloodstained altar of Trog.
  2466 | D:3      | HP: 2/55 [orc/trident (6)]
  2544 | D:3      | Reached * piety under Pakellas
  2544 | D:3      | Received a gift from Pakellas
  2565 | D:4      | Found a sparkling altar of Nemelex Xobeh.
  2582 | D:4      | Reached skill level 1 in Axes
  2644 | D:4      | Reached XP level 7. HP: 13/61 MP: 5/12
  2827 | D:4      | HP: 2/61 [centaur/uncursed spear (6)]
  2827 | D:4      | Slain by a centaur

Skill      XL: |  1  2  3  4  5  6  7 |
---------------+----------------------+-----
Fighting       | 1 2 |  2.9
Armour         | 2 3 |  3.1
Dodging        | 3 |  3.9
Evocations     | 6 7 |  7.2
Axes           | 2 3 |  3.7
Short Blades   | |  0.8
Stealth        | |  1.2

Action                   |  1- 3 |  4- 6 |  7- 9 || total
-------------------------+-------+-------+-------++-------
Melee: Whip              |    82 |   368 |       ||   450
       Mace              |     3 |       |       ||     3
       Short sword       |     3 |       |       ||     3
       Hand axe          |       |    96 |    90 ||   186
Invok: Quick Charge      |       |     1 |       ||     1
Evoke: Wand              |     6 |    17 |     2 ||    25
  Use: Scroll            |       |     7 |     1 ||     8
       Potion            |       |     6 |       ||     6
 Stab: Confused          |     2 |       |       ||     2
       Invisible         |       |     1 |       ||     1
       Betrayed ally     |       |     1 |       ||     1
  Eat: Chunk             |       |     7 |     1 ||     8
Armor: Scale mail        |    42 |   184 |    59 ||   285
       Leather armour    |     1 |       |       ||     1
       Skin              |       |    20 |       ||    20
Dodge: Dodged            |    51 |   264 |    76 ||   391
